cohdb
Replays
Latest Replays
All Replays
Popular Replays
Top Player Replays
Match Explorer
How It Works
Community
CoH3 Stats
Reddit
Sign in to upload your games and track your stats! →
Sign in with Steam
Match 44504728
Unlisted
Match 44504728
Overview
Messages
Build Orders
End
Kradschützen Motorcycle Team
Panzergrenadier Squad
250 Light Carrier
Construct Light Support Kompanie
Panzergrenadier Squad
MG34 Team
Panzerjäger Mechanized Group
2.5-tonne Medical Truck
Selects Battlefield Espionage Battlegroup
Selects Intel Disruption Beacon
Selects Plunder
Fire Support Elements
Flakvierling Half-track
Veteran Squad Leaders
Pak 38 Mechanized Group
Forward Retreat Point
Selects Firestorm
Selects 250/3 Funkpanzerwagen
Construct Panzerarmee Kommand
Armored Reserves
Selects Anti-Tank Incendiary Munitions
Tiger Heavy Tank
Firestorm
Emergency Repair Kits
Selects Operation Skorpion
Panzer III L Medium Tank
Panzer IV Assault Group
Firestorm
Rapid Advance
Vehicle Survival Package
Panzer IV Assault Group
Champion
austinZeroThree
DrewP
Dillbro
0
0
Comments
sign in to comment!
No comments posted yet!